AoeStats
← DGGMaster

Nomad

509182357Analyzed
4v4 RM · 6d ago on Sep 25, 2026· 43m 26s· 8 players
Game mode
Random Map
Map size
231×231
Population
200
Speed
Normal
Resources
Standard
Victory
Conquest
Starting age
Dark Age
Ending age
Imperial Age
RankedLock teamsTeams togetherTeam positionsShared explorationLock speedFull tech treeHidden civsTurbo modeCheats
Victory
Defeat
🇸🇪 Danes · Sweden
1155
+12
🇸🇪 Persians · Sweden
1131
+13
🇪🇸 Japanese · Spain
1106
+14
🇸🇪 Dravidians · Sweden
1059
+17
🇳🇱 Mongols · Netherlands
1089
-15
🇳🇱 Persians · Netherlands
1059
-14
🇳🇱 Franks · Netherlands
1058
-14
🇳🇱 Vietnamese · Netherlands
1055
-13
EL CID
3:35 Loom
15:08 Feudal Age
20:53 Castle Age
31:07 Imperial Age
29:23 Fishing Lines
30:47 Scale Mail Armor
30:57 Forging
32:31 Medium Warships
34:40 Elite Samurai
35:43 Kataparuto
36:17 Pikeman
36:57 Halberdier
38:37 Chain Mail Armor
44:41 Chemistry
44:02 Ballistics
43:26 Treadmill Crane
Murkeldjuret. ®
6:28 Loom
12:41 Feudal Age
16:41 Double-Bit Axe
21:42 Castle Age
20:10 Fletching
23:09 Bodkin Arrow
24:55 Bow Saw
25:35 Stone Mining
25:37 Gold Mining
31:08 Clinker Construction
33:06 Horse Collar
36:32 Imperial Age
34:46 Wheelbarrow
35:53 Hand Cart
35:45 Scale Mail Armor
35:56 Forging
37:09 Chain Mail Armor
36:57 Capped Ram
38:05 Conscription
38:46 Squires
38:31 Arson
40:11 Iron Casting
41:22 Plate Mail Armor
41:53 Blast Furnace
41:36 Siege Engineers
Murmeldjuret. ®
4:59 Loom
14:02 Feudal Age
20:18 Castle Age
19:55 Forging
24:47 Horse Collar
37:29 Imperial Age
36:36 Double-Bit Axe
37:04 Heavy Plow
38:00 Wheelbarrow
37:29 Cavalier
38:20 Bloodlines
38:10 Husbandry
38:22 Forging
38:18 Scale Barding Armor
40:24 Savar
42:22 Conscription
42:43 Iron Casting
42:28 Chain Barding Armor
42:46 Bow Saw
44:13 Crop Rotation
45:01 Blast Furnace
BachmanN
5:57 Loom
15:49 Feudal Age
16:51 Double-Bit Axe
16:59 Gold Mining
16:53 Fishing Lines
21:14 Castle Age
19:56 Stone Mining
20:17 Fletching
20:22 Horse Collar
21:33 Forging
21:20 Town Watch
22:11 Wheelbarrow
22:26 Bow Saw
22:18 Heavy Plow
28:20 Gillnets
29:00 Pikeman
30:31 Iron Casting
29:57 Scale Mail Armor
30:26 Squires
31:37 Hand Cart
31:41 Arson
36:08 Imperial Age
34:44 Chain Mail Armor
36:17 Halberdier
37:58 Two-Man Saw
37:59 Blast Furnace
38:41 Chemistry
38:38 Conscription
41:06 Ballistics
41:29 Siege Elephant
44:14 Hoardings
DGGMaster
9:27 Loom
13:28 Feudal Age
DS
12:42 Loom
16:28 Feudal Age
17:02 Double-Bit Axe
17:00 Horse Collar
17:28 Fishing Lines
20:07 Wheelbarrow
20:31 Gold Mining
20:57 Town Watch
25:30 Castle Age
26:46 Bow Saw
26:38 Heavy Plow
26:56 Hand Cart
27:47 Medium Warships
27:30 Crossbowman
28:15 Thumb Ring
29:39 Elite Skirmisher
30:14 Fletching
34:22 Bodkin Arrow
34:28 Padded Archer Armor
36:43 Leather Archer Armor
39:27 Imperial Age
38:43 Scale Mail Armor
38:31 Arson
40:05 Squires
40:42 Arbalester
42:28 Town Patrol
42:09 Imperial Skirmisher
TomatoMaster
5:54 Loom
15:32 Feudal Age
15:56 Double-Bit Axe
16:01 Town Watch
17:13 Wheelbarrow
17:42 Fishing Lines
23:15 Castle Age
21:51 Stone Mining
23:18 Horse Collar
25:13 Bow Saw
26:36 Husbandry
27:00 Bloodlines
27:40 Heavy Plow
32:04 Hand Cart
38:22 Imperial Age
36:26 Crossbowman
38:23 Kamandaran
38:40 Thumb Ring
39:40 Chemistry
39:12 Conscription
40:39 Two-Man Saw
39:13 Cavalier
41:13 Ballistics
bluemaster
8:55 Loom
16:32 Feudal Age
17:10 Double-Bit Axe
20:50 Scale Barding Armor
24:44 Castle Age
25:53 Husbandry
26:08 Forging
29:09 Chain Barding Armor
29:18 Town Watch
30:49 Gold Mining
32:21 Fletching
32:52 Squires
34:17 Wheelbarrow
33:21 Pikeman
37:41 Scale Mail Armor
38:17 Bow Saw
42:52 Imperial Age
41:15 Iron Casting
41:26 Chain Mail Armor
Connection lost

Rejoining the realm…

Still unreachable

The connection could not be restored.

Session expired

The server has moved on; the page needs a fresh start.